 Dungeon Crawl Stone Soup version 0.31-a0-925-g0a390f2509 (webtiles) character file.

Game seed: 8164300700923412956

4 Maratek the Shield-Bearer (level 1, 20/20 HPs)
             Began as a Minotaur Fighter on Oct 18, 2023.
             Quit the game on level 1 of the Dungeon.
             The game lasted 00:00:09 (110 turns).

Maratek the Shield-Bearer (Minotaur Fighter)         Turns: 110, Time: 00:00:10

Health: 20/20      AC:  7    Str: 20    XL:     1   Next: 58%
Magic:  0/0        EV:  9    Int:  5    God:
Gold:   14         SH:  4    Dex:  9    Spells: 0/0 levels left

rFire   . . .        a - +0 war axe
rCold   . . .        c - +0 buckler
rNeg    . . .        b - +0 scale mail
rPois   .            (helmet restricted)
rElec   .            (no cloak)
rCorr   .            (no gloves)
SInv    .            (no boots)
Will    .....        (no amulet) Stlth
                     (no ring)
HPRegen 0.23/turn    (no ring)
MPRegen 0.07/turn

%: no passive effects
@: no status effects
A: horns 2, retaliatory headbutt
a: no special abilities


You were on level 1 of the Dungeon.
You visited 1 branch of the dungeon, and saw 1 of its levels.

You collected 14 gold pieces.

Inventory:

Hand Weapons
 a - a +0 war axe (weapon)
Armour
 b - a +0 scale mail (worn)
 c - a +0 buckler (worn)
Potions
 d - a potion of might
 e - a potion of curing {unknown}


   Skills:
 + Level 3.7 Fighting
 + Level 2.4 Axes
 + Level 3.7 Armour
 + Level 3.9 Shields


You couldn't memorise any spells.
You didn't know any spells.
Your spell library was empty.

Dungeon Overview and Level Annotations

Branches:
Dungeon (1/15)

Altars:


Innate Abilities, Weirdness & Mutations

You have a pair of horns on your head.
You reflexively headbutt those who attack you in melee.


Message History

A bat is nearby!
A bat is nearby!
The bat barely misses you. The bat closely misses you.
You miss the bat. You headbutt the bat.
You kill the bat!
No target in view!
No target in view!
No target in view!
No target in view!
No target in view!
No target in view!
No target in view!
No target in view!
No target in view!
No target in view!
Found a ring mail.
You now have 14 gold pieces (gained 3).
e - a clear potion A goblin, a frilled lizard and an endoplasm come into view.
The frilled lizard hisses angrily.
The endoplasm quivers.
There are monsters nearby!
There are monsters nearby!
You slash the endoplasm!
You kill the endoplasm!
You block the frilled lizard's attack.
There are monsters nearby!
You hit the frilled lizard.
You kill the frilled lizard!
You closely miss the goblin. Your headbutt misses the goblin.
The goblin hits you with a +0 club. The goblin hits you but does no damage.
You closely miss the goblin. The goblin hits you but does no damage.
You closely miss the goblin. The goblin barely misses you.
You furiously retaliate!
You headbutt the goblin, but do no damage.
You slash the goblin!
You kill the goblin!
No target in view!
No target in view!
Are you sure you want to abandon this character and quit the game? (Confirm with "yes".)

..............
#####[#.#.##..
##.......#.####
.#.#####.#.# #
.#.....#.#.#
.#.#.###.#.# #.
####.#.....#.#.#
#...#....##..#.#.#.#
#...@.# #......#.#
###)#.###....###.#
...#....†.##....####
#..##.####...........
#.. ### #...#.####..#
#..######.#.#..####.#
........†.#.##.##....
##.#+#######........P.
##.##...♣..


There were no monsters in sight!

Vanquished Creatures
  An endoplasm (D:1)
  2 bats (D:1)
  A frilled lizard (D:1)
  A goblin (D:1)
5 creatures vanquished.

Notes
Turn   | Place    | Note
-------+----------+-------------------------------------------
     0 | D:1      | Maratek the Minotaur Fighter began the quest for the Orb.
     0 | D:1      | Reached XP level 1. HP: 19/19 MP: 0/0
   110 | D:1      | Quit the game

Illustrated notes

Levels and vault maps discovered:
D:1:      wander_arrival_fairy_ring, layout_basic, serial_shops, shop,
          columned_hall_lemuel, minmay_misc_feat_more_columns, minmay_quantized

Action                     || total
---------------------------++-------
  Melee: War axe           ||     8
         Headbutt          ||     1
 Armour: Scale mail        ||     4
  Dodge: Dodged            ||     4
  Block: Buckler           ||     1

Table legend: (Time is in decaauts)
 A = Elapsed time spent in this place.
 B = Non-inter-level travel time spent in this place.
 C = Inter-level travel time spent in this place.
 D = Time resting spent in this place.
 E = Time spent auto-exploring this place.
 F = Levels seen in this place.
 G = Mean time per level.
                   A        B        C        D        E       F      G
               +--------+--------+--------+--------+--------+-----+--------+
         Total |    113 |    113 |      0 |      0 |     94 |   1 |  113.0 |
       Dungeon |    113 |    113 |      0 |      0 |     94 |   1 |  113.0 |
               +--------+--------+--------+--------+--------+-----+--------+

Top non-repeatable levels by time:
     D:1: 113 daAuts
